 Dungeon Crawl Stone Soup version 0.28.0-47-ge53b351184 (webtiles) character file.

Game seed: 10470324489209420785

184 Iusername the Poker (level 5, -5/41 HPs)
             Began as a Merfolk Gladiator on May 5, 2022.
             Slain by a gnoll shaman
             ... wielding a +1 whip of electrocution
              (17 damage)
             ... on level 3 of the Dungeon.
             The game lasted 00:05:31 (2690 turns).

Iusername the Poker (Merfolk Gladiator)             Turns: 2690, Time: 00:05:31

Health: -5/41      AC:  6    Str: 16    XL:     5   Next: 63%
Magic:  5/5        EV: 14    Int:  7    God:
Gold:   66         SH:  0    Dex: 16    Spells: 4/4 levels left

rFire   . . .      SeeInvis .   a - +0 trident
rCold   . . .      Faith    .   (no shield)
rNeg    . . .      Spirit   .   b - +1 leather armour
rPois   .          Reflect  .   c - +0 helmet
rElec   .          Harm     .   (no cloak)
rCorr   .          Rampage  .   e - +0 pair of gloves
Will    .....                   (no boots)
Stlth   +.........              l - amulet of regeneration
HPRegen 0.93/turn               (no ring)
MPRegen 0.09/turn               (no ring)

@: lit by a corona, glowing
A: (nimble swimmer 2), mertail
a: no special abilities


You were on level 3 of the Dungeon.
You visited 1 branch of the dungeon, and saw 3 of its levels.

You collected 66 gold pieces.

Inventory:

Hand Weapons
 a - a +0 trident (weapon)
Missiles
 d - 3 throwing nets
 n - 5 javelins (quivered)
Armour
 b - a +1 leather armour (worn)
 c - a +0 helmet (worn)
 e - a +0 pair of gloves (worn)
Jewellery
 l - an amulet of regeneration (around neck)
Wands
 f - a wand of acid (4)
Scrolls
 h - 3 scrolls of identify
 j - a scroll of fog {unknown}
 k - a scroll of teleportation {unknown}
Potions
 i - 2 potions of attraction {unknown}
 m - a potion of berserk rage {unknown}


   Skills:
 + Level 3.0 Fighting
 + Level 6.2 Polearms
 + Level 2.1 Throwing
 + Level 1.7 Armour
 + Level 5.0 Dodging
 + Level 1.2 Stealth


You had 4 spell levels left.
You didn't know any spells.
Your spell library was empty.

Dungeon Overview and Level Annotations

Branches:
Dungeon (3/15)

Altars:

Shops:
D:2 (=:[:


Innate Abilities, Weirdness & Mutations

((You are very nimble when in or above water. (Stealth+, EV+, Speed+++)))
Your lower body shifts to a powerful aquatic tail in water.


Message History

You barely miss the frilled lizard. You puncture the frilled lizard!
You kill the frilled lizard!
No target in view!
A gnoll comes into view. It is wielding a +0 whip.
The gnoll shouts!
A gnoll shaman and a gnoll come into view.
The gnoll shaman is wielding a +1 whip of electrocution.
The gnoll shouts!
You hear a shout!
A gnoll comes into view. It is wielding a +0 halberd.
The gnoll shouts!
You hear a shout!
The gnoll shaman mumbles some strange prayers to its god against you.
You are outlined in light.
The gnoll shaman calls upon its god to speed up the gnoll.
The gnoll seems to speed up.
You barely miss the gnoll. The gnoll misses you.
The gnoll hits you from afar with a +0 spear.
The gnoll misses you.
You puncture the gnoll!
The gnoll is heavily wounded.
The gnoll misses you. The gnoll hits you but does no damage.
You hit the gnoll.
The gnoll is almost dead.
The gnoll hits you with a +0 whip. The gnoll closely misses you.
The gnoll hits you with a +0 whip.
The gnoll hits you from afar with a +0 halberd.
You closely miss the gnoll.
The gnoll is almost dead.
The gnoll hits you with a +0 whip. The gnoll hits you but does no damage.
The gnoll hits you from afar with a +0 halberd.
You hit the gnoll but do no damage.
The gnoll is almost dead.
The gnoll barely misses you.
The gnoll hits you from afar with a +0 spear.
The gnoll misses you.
The gnoll hits you from afar with a +0 halberd!
The gnoll shaman hits you with a +1 whip of electrocution!
* * * LOW HITPOINT WARNING * * *
You are electrocuted!
You die... #............# #.# .....####.<......# #.# PPPP..

#........# #.# ...P..
#........# #.# ..P.P.#
#........# #.# .......
#........# #.# ..P....
########.###.#
...PP.g#########..##.#
P.P..g.@......###.#..#
.....g.g......###....#
.####.........+......###
....(.......####......
#######.......###..##.
#.#...#.# #..##.
#.###.#.# #..##. #.#
#...####>... ###
#.#)#...####


You could see a gnoll shaman and 3 gnolls.

Vanquished Creatures
  An ogre (D:3)
  A scorpion (D:3)
  2 dart slugs (D:2)
  3 endoplasms
  3 giant cockroaches
  2 hobgoblins
  2 quokkas
  6 ball pythons
  6 bats
  4 frilled lizards
  6 goblins
  4 kobolds
  4 rats
44 creatures vanquished.

Vanquished Creatures (others)
  2 plants (D:3)
2 creatures vanquished.

Grand Total: 46 creatures vanquished

Notes
Turn   | Place    | Note
-------+----------+-------------------------------------------
     0 | D:1      | Iusername the Merfolk Gladiator began the quest for the
                  | Orb.
     0 | D:1      | Reached XP level 1. HP: 16/16 MP: 1/1
   350 | D:1      | Reached XP level 2. HP: 22/22 MP: 2/2
   424 | D:1      | Found a faded altar of an unknown god.
   578 | D:1      | HP: 1/23 [poisoned by a goblin]
  1461 | D:2      | Found Omno's Weapon Shoppe.
  1543 | D:2      | Found Gamugarre's Jewellery Boutique.
  1624 | D:2      | Reached XP level 3. HP: 27/28 MP: 3/3
  1822 | D:2      | Reached skill level 5 in Polearms
  1924 | D:2      | Found Famason's Antique Armour Shop.
  2013 | D:2      | Found Rokitz's Book Boutique.
  2058 | D:2      | Found Yrphaallo's Book Emporium.
  2525 | D:3      | Reached skill level 1 in Armour
  2593 | D:3      | Noticed a scorpion
  2601 | D:3      | Killed a scorpion
  2602 | D:3      | Reached XP level 4. HP: 34/34 MP: 4/4
  2605 | D:3      | Noticed an ogre
  2612 | D:3      | Killed an ogre
  2613 | D:3      | Reached skill level 6 in Polearms
  2613 | D:3      | Reached skill level 5 in Dodging
  2613 | D:3      | Reached skill level 1 in Stealth
  2613 | D:3      | Reached XP level 5. HP: 41/41 MP: 5/5
  2690 | D:3      | Slain by a gnoll shaman

Illustrated notes

Levels and vault maps discovered:
D:1:      dpeg_arrival_arbitrary_a, layout_loops_cross,
          hellmonk_ecumenical_altar_lost_god
D:2:      layout_basic, serial_shops, shop, shop, nicolae_square_shop, shop,
          nicolae_shop_statue_plus, solitary_fountain,
          amcnicky_mini_rare_corridor_liquid
D:3:      layout_basic, nicolae_grassy_gnolls

Skill      XL: |  1  2  3  4 |
---------------+-------------+-----
Polearms       | 5 6 |  6.2
Armour         | 1 |  1.7
Fighting       | 3 |  3.0
Dodging        | 5 |  5.0
Stealth        | 1 |  1.2
Throwing       | |  2.1

Action                   |  1- 3 |  4- 6 || total
-------------------------+-------+-------++-------
Melee: Trident           |   124 |    11 ||   135
       Punch             |     1 |       ||     1
Throw: Javelin           |     4 |     1 ||     5
       Throwing net      |       |     1 ||     1
  Use: Scroll            |     3 |       ||     3
 Stab: Sleeping          |     3 |       ||     3
Armor: Leather armour    |    32 |     3 ||    35
Dodge: Dodged            |    62 |     6 ||    68
